[Event "Titled Tuesday Blitz November 9 2021"]
[White "Afanasiev, Nikita"]
[Black "Babiy, Olga"]
[WhiteFideId "24183555"]
[BlackFideId "14117258"]
[WhiteElo "2577"]
[BlackElo "2179"]
[Result "0-1"]
[Round "01"]
[TimeControl "180+1"]
[Date "2021.11.09"]
[WhiteClock "0:00:31"]
[BlackClock "0:00:12"]

1. Nf3 d5 2. d4 Nf6 3. Bf4 c5 4. e3 Nc6 5. c3 Qb6 6. Qc1 cxd4 7. exd4 Bg4 8. Nbd2 e6 9. h3 Bh5 10. Bd3 Be7 11. O-O Bg6 12. Bxg6 hxg6 13. Re1 O-O 14. a4 Rac8 15. Qb1 Na5 16. Ne5 Nb3 17. Nxb3 Qxb3 18. Re2 Nh5 19. Bh2 Bg5 20. Nd3 Qc4 21. Qd1 Rfd8 22. g4 Nf6 23. f4 Bh4 24. Ne5 Qa6 25. Nf3 g5 26. fxg5 Ne4 27. Nxh4 Nxg5 28. Kg2 b5 29. axb5 Qxb5 30. Nf3 Ne4 31. Ne5 a5 32. Qd3 Qb6 33. Rf1 f6 34. Ng6 Kf7 35. Nf4 a4 36. Ra1 Ra8 37. Ra3 Rdc8 38. h4 Ra5 39. h5 Rb5 40. Rxe4 dxe4 41. Qxe4 Rxb2+ 42. Kh3 Qd6 43. Qg6+ Kf8 44. h6 Qxa3 45. Qxg7+ Ke8 46. Qg8+ Kd7 47. Qxe6+ Kd8 48. Qxf6+ Kd7 49. Qf7+ Kc6 50. Nd5 Rxh2+ 51. Kxh2 Qa2+ 52. Kg3 Qxd5 53. Qf1 Kb6 54. h7 Rxc3+ 55. Kh4 Qd8+ 56. Kh5 Qe8+ 57. Kg5 Qe7+ 58. Qf6+ Qxf6+ 59. Kxf6 Rh3 60. Kg7 a3 61. h8=Q Rxh8 62. Kxh8 a2 63. g5 a1=Q 64. g6 Qxd4+ 65. g7 Qh4+ 66. Kg8 Kc7 67. Kf7 Qf4+ 68. Kg6 Qg4+ 69. Kh7 Qh5+ 70. Kg8 Kd7 71. Kf8 Qf5+ 72. Kg8 Ke7 73. Kh8 Qh5+ 74. Kg8 Kf6 75. Kf8 Qf7# 0-1


[Site "https://www.chess.com"]

[Event "Titled Tuesday Blitz November 9 2021"]
[White "Andreikin, Dmitry"]
[Black "Stepanencu, Nicodim-Cosmin"]
[WhiteFideId "4158814"]
[BlackFideId "1256220"]
[WhiteElo "2736"]
[BlackElo "1704"]
[Result "1-0"]
[Round "01"]
[TimeControl "180+1"]
[Date "2021.11.09"]
[WhiteClock "0:01:03"]
[BlackClock "0:00:02"]

1. d4 Nf6 2. c4 e6 3. Nf3 Bb4+ 4. Bd2 c5 5. Bxb4 cxb4 6. e3 b6 7. Be2 a5 8. a3 Na6 9. O-O Bb7 10. Ne5 O-O 11. Nd3 d5 12. Nd2 dxc4 13. Nxc4 bxa3 14. bxa3 Ne4 15. Rc1 Rc8 16. Bf3 Bd5 17. Nce5 Qe7 18. Nf4 Bb7 19. Qd3 Nd6 20. h4 b5 21. h5 f6 22. Bxb7 Qxb7 23. Nxe6 fxe5 24. dxe5 Nc4 25. Nxf8 Rxf8 26. Rxc4 bxc4 27. Qxc4+ Kh8 28. Rd1 Nb8 29. e6 Qb2 30. e7 Qxf2+ 31. Kh2 Re8 32. Rd8 Qf7 33. Qxf7 1-0


[Site "https://www.chess.com"]

[Event "Titled Tuesday Blitz November 9 2021"]
[White "Belenkaya, Dina"]
[Black "Grischuk, Alexander"]
[WhiteFideId "24142654"]
[BlackFideId "4126025"]
[WhiteElo "2196"]
[BlackElo "2757"]
[Result "0-1"]
[Round "01"]
[TimeControl "180+1"]
[Date "2021.11.09"]
[WhiteClock "0:00:02"]
[BlackClock "0:00:09"]

1. e4 c6 2. d3 d5 3. Nd2 e5 4. Ngf3 Bd6 5. g3 Nf6 6. Bg2 O-O 7. O-O Re8 8. Qe2 Nbd7 9. h3 Nf8 10. Rd1 Ng6 11. Nf1 Qc7 12. Ne3 h6 13. Nd2 Be6 14. c4 dxc4 15. dxc4 a5 16. b3 Bc5 17. Bb2 Rad8 18. Ndf1 Bd4 19. Rd2 Qb6 20. Rad1 h5 21. Nf5 Bxb2 22. Rxb2 h4 23. Rbd2 hxg3 24. N1xg3 Nf4 25. Qf3 Rxd2 26. Rxd2 Rd8 27. Qd1 Rxd2 28. Qxd2 Qc7 29. Kh2 g6 30. Nd6 Kf8 31. c5 Nd7 32. Qc3 b6 33. Nc4 Bxc4 34. Qxc4 Nxc5 35. Nf1 Nce6 36. Ne3 Qd6 37. Qc3 Nd4 38. Qc4 b5 39. Qf1 Kg7 40. Qg1 Nde6 41. Qc1 Nd4 42. Ng4 Qe6 43. Ne3 Qf6 44. Ng4 Qh4 45. Qe3 f6 46. Qg3 Qxg3+ 47. fxg3 Nd3 48. Ne3 Nc1 49. a4 Ncxb3 50. axb5 cxb5 51. Nd5 a4 52. Bf1 a3 53. Nb4 Nc1 54. Bd3 Nxd3 55. Nxd3 a2 56. Nb4 a1=Q 0-1


[Site "https://www.chess.com"]

[Event "Titled Tuesday Blitz November 9 2021"]
[White "Belous, Vladimir"]
[Black "Rodchenkov, Vitaly"]
[WhiteFideId "4174003"]
[BlackFideId "4152964"]
[WhiteElo "2510"]
[BlackElo "2337"]
[Result "1/2-1/2"]
[Round "01"]
[TimeControl "180+1"]
[Date "2021.11.09"]
[WhiteClock "0:00:21"]
[BlackClock "0:00:27"]

1. c4 Nf6 2. Nc3 d5 3. cxd5 Nxd5 4. g3 Nc6 5. Bg2 Nb6 6. d3 g6 7. Be3 Bg7 8. Qd2 e5 9. Nf3 O-O 10. Bh6 Re8 11. Bxg7 Kxg7 12. O-O Nd4 13. Ne4 c6 14. e3 Nxf3+ 15. Bxf3 Bh3 16. Rfd1 h6 17. Qc3 Qe7 18. d4 exd4 19. Rxd4 Qe5 20. Rad1 Nd5 21. Qb3 Re7 22. Nc5 Qf6 23. e4 Nb6 24. a4 Rae8 25. a5 Nc8 26. Nd7 Bxd7 27. Rxd7 Rxd7 28. Rxd7 Re7 29. Rxe7 Qxe7 30. Qc3+ Kg8 31. e5 Qe6 32. Kg2 Ne7 33. Qc5 b6 34. axb6 axb6 35. Qd6 c5 36. h4 Kg7 37. h5 g5 38. Be4 Nf5 39. Qxe6 fxe6 40. Bxf5 exf5 41. f4 g4 42. Kf2 b5 43. Ke3 Kf7 44. Kd3 Ke6 45. Kc3 Kd5 46. Kd3 Ke6 47. Kd2 Kd5 48. Kc2 Kc6 49. Kc3 Kd5 50. b3 Ke6 51. Kd3 Kd5 52. Kc2 Ke6 53. Kb2 Kd5 54. Ka3 Ke6 55. Kb2 Kd5 56. Kb1 Ke6 57. Kc1 Kd5 58. Kd2 Ke6 59. b4 c4 60. Kc3 Kd5 61. Kc2 Ke6 62. Kc3 Kd5 63. Kc2 Ke6 64. Kc3 1/2-1/2


[Site "https://www.chess.com"]

[Event "Titled Tuesday Blitz November 9 2021"]
[White "Bortnyk, Olexandr"]
[Black "Petukhov, Dmitry"]
[WhiteFideId "14120828"]
[BlackFideId "4142748"]
[WhiteElo "2723"]
[BlackElo "2356"]
[Result "1-0"]
[Round "01"]
[TimeControl "180+1"]
[Date "2021.11.09"]
[WhiteClock "0:02:14"]
[BlackClock "0:01:45"]

1. e4 c5 2. c3 d5 3. exd5 Qxd5 4. d4 Nf6 5. Nf3 Bg4 6. dxc5 Qxd1+ 7. Kxd1 e5 8. b4 a5 9. h3 Bxf3+ 10. gxf3 axb4 11. cxb4 Nc6 12. Bd2 Nd5 13. Bb5 O-O-O 14. Bxc6 bxc6 15. Kc2 g6 16. Na3 Bg7 17. Nc4 e4 18. fxe4 Bxa1 19. exd5 Bd4 20. dxc6 Kc7 21. b5 Bxc5 22. Ba5+ Kc8 23. Bxd8 Rxd8 24. Rd1 Rxd1 25. Kxd1 Bxf2 26. b6 Bxb6 27. Nxb6+ Kc7 28. Nd7 Kxc6 29. Ne5+ Kd5 30. Nxf7 1-0


[Site "https://www.chess.com"]

[Event "Titled Tuesday Blitz November 9 2021"]
[White "Brunner, Nicolas"]
[Black "Kamsky, Gata"]
[WhiteFideId "620246"]
[BlackFideId "2000024"]
[WhiteElo "2372"]
[BlackElo "2645"]
[Result "0-1"]
[Round "01"]
[TimeControl "180+1"]
[Date "2021.11.09"]
[WhiteClock "0:02:29"]
[BlackClock "0:02:11"]

1. d4 d5 2. c4 c6 3. Nc3 Nf6 4. cxd5 cxd5 5. Bf4 a6 6. e3 Nc6 7. Bd3 Bg4 8. Nge2 e6 9. O-O Bxe2 10. Qxe2 Bd6 11. Bxd6 Qxd6 12. Rac1 O-O 13. Na4 Rab8 14. Nc5 Rfc8 15. Rc3 Ne8 16. Rfc1 Ne7 17. Nxb7 Rxc3 0-1


[Site "https://www.chess.com"]

[Event "Titled Tuesday Blitz November 9 2021"]
[White "Buscar, Michael"]
[Black "Cunjalo, Faris"]
[WhiteFideId "2603616"]
[BlackFideId "14410710"]
[WhiteElo "2010"]
[BlackElo "2263"]
[Result "0-1"]
[Round "01"]
[TimeControl "180+1"]
[Date "2021.11.09"]
[WhiteClock "0:00:10"]
[BlackClock "0:00:43"]

1. d4 f5 2. g3 Nf6 3. Bg2 e6 4. Nh3 Be7 5. Nf4 d6 6. Nd2 e5 7. dxe5 dxe5 8. Nd3 e4 9. Nf4 g5 10. Nh3 h6 11. Nc4 Qxd1+ 12. Kxd1 Be6 13. Ne5 Bd6 14. f4 Bxe5 15. fxe5 Ng4 16. b3 Nc6 17. Ke1 Nb4 18. Kd2 O-O-O 19. Kc3 Nd5+ 20. Kb2 Nde3 21. Rg1 Rd5 22. Nf2 Nxf2 23. Bxe3 Ng4 24. c4 Rdd8 25. Bc1 Nxh2 26. Kc2 Ng4 27. Bh3 Nf2 28. Bg2 b6 29. Bb2 Ng4 30. Bh3 Ne3+ 31. Kc3 Rhe8 32. Bc1 Nd1+ 33. Kc2 Nf2 34. Bg2 Ng4 35. Bh3 Nxe5 36. Rf1 Nc6 37. Bb2 e3 38. Bxf5 Rd2+ 39. Kc1 Bxf5 40. Rxf5 Rxe2 41. Kd1 Rxb2 0-1


[Site "https://www.chess.com"]

[Event "Titled Tuesday Blitz November 9 2021"]
[White "Claridge-Hansen, William"]
[Black "Adly, Ahmed"]
[WhiteFideId "422509"]
[BlackFideId "10601619"]
[WhiteElo "2261"]
[BlackElo "2683"]
[Result "1-0"]
[Round "01"]
[TimeControl "180+1"]
[Date "2021.11.09"]
[WhiteClock "0:00:21"]
[BlackClock "0:00:35"]

1. c4 Nf6 2. g3 e6 3. Bg2 d5 4. Nf3 dxc4 5. Qa4+ Nbd7 6. Qxc4 a6 7. Qb3 c5 8. a4 Be7 9. O-O O-O 10. d3 Ra7 11. a5 Nd5 12. Nbd2 b5 13. axb6 Qxb6 14. Qxb6 N7xb6 15. Ne5 Bf6 16. Nec4 Rd8 17. Nxb6 Nxb6 18. Ra5 Be7 19. b3 Bd7 20. Ba3 Bb5 21. Rc1 Rc7 22. Nc4 Nd5 23. Bb2 Bg5 24. Rb1 Bf6 25. Bxf6 gxf6 26. Rc1 Nb4 27. Na3 Rb8 28. Rc3 Kf8 29. Kf1 Ke7 30. d4 Rbc8 31. Nxb5 axb5 32. Rxb5 cxd4 33. Rxc7+ Rxc7 34. Bf3 Na2 35. Rb7 Rxb7 36. Bxb7 Kd6 37. Ke1 Nc1 38. Be4 h6 39. Bc2 Kc5 40. Kd2 Na2 41. e3 dxe3+ 42. Kxe3 Nb4 43. Bd1 Nd5+ 44. Kf3 Kd4 45. h4 Nc3 46. Bc2 f5 47. g4 fxg4+ 48. Kxg4 f5+ 49. Bxf5 h5+ 50. Kxh5 exf5 51. Kg6 Ke5 52. h5 Nd5 53. h6 Nf4+ 54. Kg7 Ne6+ 55. Kf7 Ng5+ 56. Kg7 Ne6+ 57. Kg8 Nf4 58. h7 Ng6 59. b4 Kd5 60. h8=Q Nxh8 61. Kxh8 Kc4 62. Kg7 f4 63. Kf6 f3 64. Kf5 Kxb4 65. Kf4 Kc5 66. Kxf3 Kd6 67. Ke4 Ke6 68. Kf4 Kf6 69. f3 Ke6 70. Kg5 Kf7 71. Kf5 Kg7 72. Ke6 Kf8 73. f4 Ke8 74. f5 Kf8 75. Kf6 Kg8 76. Ke7 Kg7 77. f6+ Kh7 78. f7 Kg6 79. f8=Q Kh5 80. Qf1 Kg4 81. Qf2 Kg5 82. Qf3 Kg6 83. Qf4 Kg7 84. Qf5 Kh6 85. Qg4 Kh7 86. Kf7 Kh6 87. Qg6# 1-0


[Site "https://www.chess.com"]

[Event "Titled Tuesday Blitz November 9 2021"]
[White "Danilov, Vladimir"]
[Black "Savchenko, Boris"]
[WhiteFideId "1203398"]
[BlackFideId "4147332"]
[WhiteElo "2222"]
[BlackElo "2499"]
[Result "1-0"]
[Round "01"]
[TimeControl "180+1"]
[Date "2021.11.09"]
[WhiteClock "0:02:20"]
[BlackClock "0:02:12"]

1. b3 e5 2. Bb2 Nc6 3. e3 Nf6 4. Bb5 Bd6 5. Na3 Na5 6. Be2 c6 7. c4 Qe7 8. Nc2 c5 9. d4 exd4 10. exd4 Nc6 11. Nf3 cxd4 12. Nfxd4 Nxd4 13. Qxd4 O-O 14. Ne3 Bb4+ 15. Bc3 Ne4 16. Qxg7# 1-0


[Site "https://www.chess.com"]

[Event "Titled Tuesday Blitz November 9 2021"]
[White "Derraugh, Geordie"]
[Black "Ahmadzada, Ahmad"]
[WhiteFideId "2603950"]
[BlackFideId "13413007"]
[WhiteElo "2116"]
[BlackElo "2226"]
[Result "0-1"]
[Round "01"]
[TimeControl "180+1"]
[Date "2021.11.09"]
[WhiteClock "0:00:52"]
[BlackClock "0:00:05"]

1. e4 d5 2. exd5 Qxd5 3. Nf3 Nf6 4. d4 Bg4 5. Be2 Nc6 6. c4 Qh5 7. Be3 e6 8. Nbd2 O-O-O 9. h3 Bb4 10. O-O Bxd2 11. hxg4 Nxg4 12. Qxd2 e5 13. g3 Qh3 14. Rfd1 e4 15. Bf1 Qh5 16. Nh4 Nce5 17. Bg2 Nf3+ 18. Nxf3 exf3 19. Bxf3 Qh2+ 20. Kf1 h5 21. Ke2 Rhe8 22. Rh1 Qxf2+ 23. Kd3 Rxe3+ 24. Kc2 Qxf3 25. Rhf1 Qe4+ 26. Kd1 Rd3 0-1


[Site "https://www.chess.com"]

[Event "Titled Tuesday Blitz November 9 2021"]
[White "Hakobyan, Aram"]
[Black "Skuhala, Jernej"]
[WhiteFideId "13306677"]
[BlackFideId "14605651"]
[WhiteElo "2557"]
[BlackElo "2415"]
[Result "1-0"]
[Round "01"]
[TimeControl "180+1"]
[Date "2021.11.09"]
[WhiteClock "0:00:45"]
[BlackClock "0:00:51"]

1. d4 Nf6 2. c4 e6 3. Nc3 Bb4 4. Qc2 c5 5. dxc5 O-O 6. a3 Bxc5 7. Nf3 b6 8. Bg5 Bb7 9. e3 Be7 10. Be2 d6 11. O-O Nc6 12. Rfd1 a6 13. Rd2 Qc7 14. Rad1 Rac8 15. Bxf6 Bxf6 16. Rxd6 Ne5 17. Nxe5 Bxe5 18. Rd7 Qb8 19. g3 Rfd8 20. Ne4 Rxd7 21. Rxd7 Rd8 22. Rxd8+ Qxd8 23. b4 h6 24. Nd2 Bf6 25. Bf3 Bc8 26. Ne4 Be7 27. c5 bxc5 28. Nxc5 a5 29. Kg2 axb4 30. axb4 Qb6 31. Na4 Qb8 32. b5 e5 33. Qc6 Kh7 34. Nb6 Be6 35. Nd5 Bd8 36. Be4+ g6 37. Bf3 Kg7 38. Qc5 h5 39. Nb4 Bb6 40. Qc3 Ba5 41. Qc5 Bb6 42. Qc6 Ba5 43. Na6 Qd8 44. Nc5 Bf5 45. Nb7 Qb6 46. Nxa5 Qxa5 47. b6 Qb4 48. b7 e4 49. Be2 Qb2 50. Qb5 1-0


[Site "https://www.chess.com"]

[Event "Titled Tuesday Blitz November 9 2021"]
[White "Havlik, Jan"]
[Black "Zubov, Alexander"]
[WhiteFideId "319783"]
[BlackFideId "14109409"]
[WhiteElo "2372"]
[BlackElo "2685"]
[Result "0-1"]
[Round "01"]
[TimeControl "180+1"]
[Date "2021.11.09"]
[WhiteClock "0:02:23"]
[BlackClock "0:01:01"]

1. e4 Nc6 2. Nf3 d6 3. d4 Nf6 4. Nc3 g6 5. Be3 Bg7 6. Be2 O-O 7. Qd2 e5 8. dxe5 dxe5 9. Qxd8 Rxd8 10. Bg5 Be6 11. Rd1 h6 12. Bxf6 Bxf6 13. Nd5 Bxd5 14. exd5 Nb4 15. c3 Nxd5 16. Bc4 Nb6 17. Bb3 Rxd1+ 18. Kxd1 Kf8 19. Re1 Re8 20. Kc2 Bg7 21. Nd2 f5 22. Nc4 Nc8 23. Rd1 Ke7 24. Ba4 c6 25. Ne3 Nd6 26. f3 h5 27. Bb3 b5 28. a4 Bh6 29. Re1 Bxe3 30. Rxe3 Kd7 31. axb5 cxb5 32. h4 Kc6 33. g3 a5 34. Ba2 e4 35. f4 Rd8 36. Re1 Nc4 37. b3 Rd2+ 38. Kb1 Na3+ 0-1


[Site "https://www.chess.com"]

[Event "Titled Tuesday Blitz November 9 2021"]
[White "Ibrahimli, Murad"]
[Black "Stankovic, Ivan G"]
[WhiteFideId "13410229"]
[BlackFideId "902837"]
[WhiteElo "2109"]
[BlackElo "2195"]
[Result "1/2-1/2"]
[Round "01"]
[TimeControl "180+1"]
[Date "2021.11.09"]
[WhiteClock "0:01:22"]
[BlackClock "0:00:43"]

1. d4 d5 2. c4 c6 3. Nf3 Nf6 4. e3 a6 5. Nc3 Bf5 6. Be2 h6 7. Bd3 Bxd3 8. Qxd3 e6 9. Bd2 Bb4 10. O-O Bxc3 11. Bxc3 O-O 12. b3 Nbd7 13. a4 a5 14. Nd2 c5 15. Rfd1 b6 16. Bb2 Rc8 17. Rac1 Qe7 18. Ba3 dxc4 19. bxc4 Rfd8 20. Qb3 Qe8 21. Nb1 Rb8 22. Nc3 Rdc8 23. Nb5 Qe7 24. d5 exd5 25. cxd5 Ne5 26. h3 Ne4 27. Qc2 Nd6 28. Nxd6 Qxd6 29. f4 Nd7 30. Bb2 Re8 31. Rd3 Re4 32. Rb1 Rbe8 33. Bc1 c4 34. Rd1 Nc5 1/2-1/2


[Site "https://www.chess.com"]

[Event "Titled Tuesday Blitz November 9 2021"]
[White "Khusnutdinov, Rustam"]
[Black "Guseva, Marina"]
[WhiteFideId "13701703"]
[BlackFideId "4149351"]
[WhiteElo "2571"]
[BlackElo "2279"]
[Result "1-0"]
[Round "01"]
[TimeControl "180+1"]
[Date "2021.11.09"]
[WhiteClock "0:00:33"]
[BlackClock "0:00:02"]

1. e4 c5 2. Nf3 d6 3. Bb5+ Nd7 4. Ba4 Nf6 5. O-O a6 6. c4 g6 7. Nc3 Bg7 8. d3 O-O 9. h3 Ne5 10. Nh2 Bd7 11. f4 Bxa4 12. Nxa4 Nc6 13. Nc3 e6 14. f5 exf5 15. exf5 d5 16. Bg5 dxc4 17. dxc4 Qd4+ 18. Qxd4 Nxd4 19. Bxf6 Bxf6 20. Ng4 Bg5 21. fxg6 fxg6 22. Ne4 Be7 23. Rae1 Rxf1+ 24. Rxf1 Kg7 25. Ne5 Rf8 26. Rxf8 Bxf8 27. Nd7 Ne6 28. Kf2 Be7 29. Ke3 Kf7 30. Nc3 Ke8 31. Ne5 Bd6 32. Ke4 Nd4 33. Kd5 Bxe5 34. Kxe5 Kd7 35. Ne4 Kc6 36. Nf6 h5 37. Nd5 b5 38. cxb5+ axb5 39. Ne7+ Kb6 40. Nxg6 Nc2 41. Nf4 h4 42. Ke4 Ne1 43. Ke3 c4 44. Kd2 Nxg2 45. Nxg2 1-0


[Site "https://www.chess.com"]

[Event "Titled Tuesday Blitz November 9 2021"]
[White "Kovalenko, Igor"]
[Black "Devaev, Alexander"]
[WhiteFideId "14117908"]
[BlackFideId "4169395"]
[WhiteElo "2629"]
[BlackElo "2185"]
[Result "1-0"]
[Round "01"]
[TimeControl "180+1"]
[Date "2021.11.09"]
[WhiteClock "0:01:57"]
[BlackClock "0:00:39"]

1. d4 Nf6 2. Nf3 e6 3. e3 c5 4. Bd3 b6 5. O-O Bb7 6. c4 Be7 7. Nc3 d6 8. d5 e5 9. a3 O-O 10. b4 Nbd7 11. Rb1 Rb8 12. e4 a6 13. Kh1 Ne8 14. Rg1 g6 15. g4 Kh8 16. Bh6 Rg8 17. Qd2 Bf8 18. Be3 Be7 19. Rg3 Ng7 20. Rbg1 Bc8 21. h4 Qc7 22. b5 a5 23. h5 Bb7 24. Rh3 Ne8 25. hxg6 fxg6 26. Kg2 Ndf6 27. Ng5 Bc8 28. f3 Rg7 29. Rgh1 Kg8 30. Ne2 Bd7 31. Rh6 Qc8 32. Ng3 Bxg4 33. fxg4 Nxg4 34. Be2 Nxe3+ 35. Qxe3 Nf6 36. Ne6 Rf7 37. Rxg6+ hxg6 38. Qh6 Rh7 39. Qxg6+ Kh8 40. Qg7# 1-0


[Site "https://www.chess.com"]

[Event "Titled Tuesday Blitz November 9 2021"]
[White "Krush, Irina"]
[Black "Maghsoodloo, Parham"]
[WhiteFideId "2012782"]
[BlackFideId "12539929"]
[WhiteElo "2342"]
[BlackElo "2601"]
[Result "0-1"]
[Round "01"]
[TimeControl "180+1"]
[Date "2021.11.09"]
[WhiteClock "0:00:14"]
[BlackClock "0:01:07"]

1. c4 e5 2. Nc3 Nc6 3. g3 h5 4. h4 Bc5 5. Bg2 d6 6. Nf3 a6 7. d3 Nge7 8. a3 Bg4 9. b4 Ba7 10. Bb2 O-O 11. Rc1 Qd7 12. Qd2 Nd8 13. O-O Bh3 14. Nd5 Bxg2 15. Kxg2 Ne6 16. e4 Ng6 17. d4 c6 18. Ne3 Nef4+ 19. Kg1 Qh3 20. Nh2 exd4 21. gxf4 Nxf4 22. Kh1 dxe3 23. fxe3 Bxe3 24. Qc2 Bxc1 25. Rxc1 Rae8 26. Rg1 Ng6 0-1


[Site "https://www.chess.com"]

[Event "Titled Tuesday Blitz November 9 2021"]
[White "Moskalenko, Alexander"]
[Black "Lehtosaari, Mauri"]
[WhiteFideId "4155351"]
[BlackFideId "501999"]
[WhiteElo "2515"]
[BlackElo "2444"]
[Result "1-0"]
[Round "01"]
[TimeControl "180+1"]
[Date "2021.11.09"]
[WhiteClock "0:01:29"]
[BlackClock "0:00:16"]

1. e4 c5 2. Nf3 e6 3. d4 cxd4 4. Nxd4 Qb6 5. Nb3 Qc7 6. Nc3 a6 7. a3 Nf6 8. f4 d6 9. g4 b5 10. g5 Nfd7 11. Be3 Bb7 12. Qg4 Be7 13. h4 Nc5 14. Bg2 Nbd7 15. Nd2 Nb6 16. h5 Qc8 17. f5 exf5 18. exf5 Nc4 19. Nxc4 bxc4 20. Bxc5 dxc5 21. O-O-O Bxg2 22. Qxg2 Qxf5 23. Qxa8+ 1-0


[Site "https://www.chess.com"]

[Event "Titled Tuesday Blitz November 9 2021"]
[White "Musovic, Armin"]
[Black "Tabatabaei, M. Amin"]
[WhiteFideId "939935"]
[BlackFideId "12521213"]
[WhiteElo "2250"]
[BlackElo "2555"]
[Result "1/2-1/2"]
[Round "01"]
[TimeControl "180+1"]
[Date "2021.11.09"]
[WhiteClock "0:00:10"]
[BlackClock "0:00:11"]

1. a3 h6 2. Nc3 d5 3. e4 dxe4 4. Nxe4 Nf6 5. Qe2 Nc6 6. Nxf6+ gxf6 7. Nf3 Bg4 8. Qe3 h5 9. Bb5 Qd7 10. h3 Bh6 11. Qe2 Bxf3 12. Qxf3 a6 13. Bxc6 Qxc6 14. Qxc6+ bxc6 15. d3 Bxc1 16. Rxc1 Rb8 17. b3 h4 18. g4 hxg3 19. fxg3 f5 20. h4 e6 21. O-O Ke7 22. Kh2 Rbg8 23. Rce1 Rg4 24. Rxf5 Rhg8 25. Rf3 f5 26. Ree3 Kd6 27. Kh3 a5 28. a4 c5 29. Kh2 Rd4 30. Kh3 Rg7 31. Kh2 Rg6 32. Kh3 c6 33. Kh2 c4 34. bxc4 Kc5 35. c3 Rdg4 36. Re5+ Kd6 37. Rxa5 e5 38. d4 e4 39. Rfxf5 Rxg3 40. Rf6+ Rxf6 41. Kxg3 Rf3+ 42. Kg4 Rxc3 43. Re5 e3 44. Kf3 Rxc4 45. Kxe3 Rxa4 46. h5 Ra3+ 47. Ke4 Rh3 48. Rg5 Rh4+ 49. Kd3 Ke6 50. Kc4 Kd6 51. Rg6+ Kc7 52. h6 Kb6 53. Rf6 Rh5 54. Kd3 Kb5 55. Ke4 Rh4+ 56. Ke5 Kb6 57. Kf5 Rxd4 58. Kg6 Rg4+ 59. Kh7 Kb5 60. Rg6 Rd4 61. Kg7 Rd7+ 62. Kf6 c5 63. Rg7 Rd6+ 64. Kg5 Rd5+ 65. Kg4 Rd4+ 66. Kh5 Rd5+ 67. Rg5 Rd7 68. Rg7 Rd1 69. Rg4 Rd5+ 70. Rg5 Rd7 71. Rg7 Rd8 72. h7 Rd1 73. Rg4 Rd5+ 74. Kh6 Rd6+ 75. Rg6 Rd1 76. Rg5 Rd6+ 77. Kg7 Rd7+ 78. Kg8 Rd8+ 79. Kf7 Kb4 80. Kg7 Rd7+ 81. Kg8 Rd8+ 82. Kg7 c4 83. h8=Q Rxh8 84. Kxh8 c3 85. Rg8 Kb3 86. Rb8+ Ka2 87. Rc8 Kb2 88. Rb8+ Kc1 89. Rc8 c2 90. Kg7 Kd1 91. Rd8+ Ke2 92. Rc8 Kd2 93. Rxc2+ Kxc2 1/2-1/2


[Site "https://www.chess.com"]

[Event "Titled Tuesday Blitz November 9 2021"]
[White "Myshakov, Fyodor"]
[Black "Pranav, V"]
[WhiteFideId "14111284"]
[BlackFideId "25060783"]
[WhiteElo "2310"]
[BlackElo "2351"]
[Result "0-1"]
[Round "01"]
[TimeControl "180+1"]
[Date "2021.11.09"]
[WhiteClock "0:01:53"]
[BlackClock "0:01:54"]

1. c4 e5 2. Nc3 Nc6 3. Nf3 f5 4. g3 Nf6 5. Bg2 g6 6. O-O Bg7 7. d3 O-O 8. Rb1 a5 9. a3 d6 10. b4 axb4 11. axb4 h6 12. b5 Ne7 13. Bb2 g5 14. e3 Ng6 15. Ra1 Rb8 16. Qc1 f4 17. exf4 gxf4 18. Nd2 Bg4 19. Nce4 Nxe4 20. Bxe4 Qg5 21. f3 Bh3 22. Bxg6 fxg3 23. Ne4 gxh2+ 24. Kf2 Qxg6 25. Rh1 Qg2+ 26. Ke3 Rxf3# 0-1


[Site "https://www.chess.com"]

[Event "Titled Tuesday Blitz November 9 2021"]
[White "Nakamura, Hikaru"]
[Black "Omariev, Maksim"]
[WhiteFideId "2016192"]
[BlackFideId "4193423"]
[WhiteElo "2884"]
[BlackElo "2488"]
[Result "1-0"]
[Round "01"]
[TimeControl "180+1"]
[Date "2021.11.09"]
[WhiteClock "0:01:33"]
[BlackClock "0:00:10"]

1. Nf3 d5 2. b3 c6 3. Bb2 Nf6 4. e3 Bf5 5. d4 e6 6. Bd3 Ne4 7. O-O Nd7 8. c4 Bd6 9. Qc2 Bg6 10. Nbd2 f5 11. a4 Qe7 12. Ne5 O-O 13. Ndf3 Bh5 14. Be2 Rf6 15. Ne1 Bxe2 16. Qxe2 Rh6 17. N1d3 Qh4 18. h3 Ndf6 19. Nf4 Bxe5 20. dxe5 Nd7 21. g3 Nxg3 22. fxg3 Qxg3+ 23. Qg2 Qxe3+ 24. Kh1 Qxb3 25. cxd5 cxd5 26. Ra3 Qc4 27. Rg3 g6 28. Nxe6 Re8 29. Rc1 Qe4 30. Ng5 Qxg2+ 31. Kxg2 Nxe5 32. Re1 Rh5 33. Rxe5 Rxe5 34. Bxe5 h6 35. Ne6 g5 36. Ng7 f4 37. Nxh5 fxg3 38. Bd4 Kf7 39. Bxa7 Ke6 40. Nxg3 Kf6 41. Bd4+ Kg6 42. Kf3 h5 43. Nf1 Kf5 44. Ne3+ Ke6 45. a5 g4+ 46. hxg4 hxg4+ 47. Kxg4 Kd6 48. Kf5 Kc6 49. Ke5 Kb5 50. Bb6 d4 51. Kxd4 Ka6 52. Kd5 Kb5 53. Kd6 Ka6 54. Kc7 1-0


[Site "https://www.chess.com"]

[Event "Titled Tuesday Blitz November 9 2021"]
[White "Obolentseva, Alexandra"]
[Black "Martinez Alcantara, Jose Eduardo"]
[WhiteFideId "24153648"]
[BlackFideId "3805662"]
[WhiteElo "2113"]
[BlackElo "2690"]
[Result "0-1"]
[Round "01"]
[TimeControl "180+1"]
[Date "2021.11.09"]
[WhiteClock "0:00:36"]
[BlackClock "0:00:34"]

1. d4 Nf6 2. c4 e6 3. Nc3 Bb4 4. Qc2 O-O 5. Bf4 d6 6. Nf3 c5 7. dxc5 Bxc5 8. e3 Nc6 9. a3 h6 10. Bd3 Qe7 11. O-O a5 12. Bg3 Ng4 13. Ne4 f5 14. Nxc5 dxc5 15. h3 Nf6 16. Ne5 Nxe5 17. Bxe5 Bd7 18. Rad1 Bc6 19. Be2 Qf7 20. f3 Nd7 21. Bd6 Rfe8 22. e4 fxe4 23. fxe4 Qg6 24. Rf4 Nf6 25. Bf3 e5 26. Rf5 Rad8 27. Bxe5 Rxd1+ 28. Qxd1 Nxe4 29. Bg4 Ng5 30. Bf4 Ne6 31. Qd6 Kh7 32. Bg3 Rd8 33. Qe5 Rd2 34. Kh2 Rxg2+ 35. Kh1 Rxg3+ 0-1


[Site "https://www.chess.com"]

[Event "Titled Tuesday Blitz November 9 2021"]
[White "Obrien, Matthew"]
[Black "Bortnyk, Mykola"]
[WhiteFideId "2059150"]
[BlackFideId "14120836"]
[WhiteElo "2480"]
[BlackElo "2582"]
[Result "0-1"]
[Round "01"]
[TimeControl "180+1"]
[Date "2021.11.09"]
[WhiteClock "0:00:01"]
[BlackClock "0:00:44"]

1. e4 c5 2. Nf3 d6 3. d4 cxd4 4. Nxd4 Nf6 5. Nc3 g6 6. Be3 Bg7 7. f3 a6 8. Qd2 h5 9. Bc4 b5 10. Bd5 Nxd5 11. Nxd5 Bb7 12. a4 bxa4 13. Qb4 Bxd5 14. exd5 O-O 15. O-O Nd7 16. Nc6 Qe8 17. Bd4 Bxd4+ 18. Qxd4 Nb8 19. Qxa4 Nxc6 20. dxc6 Rc8 21. Qxa6 Rxc6 22. Qe2 Qb8 23. c3 e6 24. Rfb1 Qb3 25. Ra3 Qb6+ 26. Qf2 Qb5 27. Qd4 Rb8 28. Ra7 Qf5 29. Rba1 Rcc8 30. Qxd6 Rxb2 31. h3 Qg5 32. Qh2 Rxc3 33. Ra8+ Kh7 34. Kh1 Rcc2 0-1


[Site "https://www.chess.com"]

[Event "Titled Tuesday Blitz November 9 2021"]
[White "Pajeken, Jakob Leon"]
[Black "Jobava, Baadur"]
[WhiteFideId "12942839"]
[BlackFideId "13601520"]
[WhiteElo "2351"]
[BlackElo "2731"]
[Result "0-1"]
[Round "01"]
[TimeControl "180+1"]
[Date "2021.11.09"]
[WhiteClock "0:00:02"]
[BlackClock "0:01:16"]

1. d4 Nf6 2. Nf3 c5 3. d5 b5 4. Bg5 Bb7 5. a4 b4 6. Bxf6 gxf6 7. e4 d6 8. Nbd2 Nd7 9. Nc4 Bg7 10. Nh4 O-O 11. Nf5 Kh8 12. Bd3 Rg8 13. Qh5 Bf8 14. h4 Rg6 15. f4 Nb6 16. Nxb6 axb6 17. Rh3 e6 18. Ne3 Qe7 19. e5 Rh6 20. exd6 Rxh5 21. dxe7 Bxe7 22. g4 Rxd5 23. Nxd5 exd5 24. b3 Bd6 25. f5 Re8+ 26. Kf2 Kg7 27. Re1 Be5 28. g5 Re7 29. Kf1 Rc7 30. h5 h6 31. g6 c4 32. Be2 Bc8 33. Bg4 cxb3 34. cxb3 Rc2 35. Kg1 d4 36. Rf3 Bb7 37. Rf2 d3 38. Rxc2 dxc2 39. Rc1 Be4 40. Bd1 cxd1=Q+ 41. Rxd1 Bxf5 42. gxf7 Kxf7 43. Rd5 Be6 44. Rb5 Bc3 45. Rxb6 Bd4+ 0-1


[Site "https://www.chess.com"]